 Dungeon Crawl Stone Soup version 0.30.1-6-gbe392663c4 (webtiles) character file.

Game seed: 8570791665793021027

46 Cheops the Caller (level 3, -1/24 HPs)
             Began as a Merfolk Summoner on Sept 21, 2023.
             Slain by an iguana (12 damage)
             ... on level 3 of the Dungeon.
             The game lasted 00:07:16 (1860 turns).

Cheops the Caller (Merfolk Summoner)                Turns: 1860, Time: 00:07:17

Health: -1/24      AC:  3    Str:  8    XL:     3   Next: 68%
Magic:  3/7        EV: 12    Int: 16    God:
Gold:   151        SH:  0    Dex: 14    Spells: 2/8 levels left

rFire   . . .        a - +0 spear
rCold   . . .        (no shield)
rNeg    . . .        g - +0 robe
rPois   .            h - +0 helmet
rElec   .            (no cloak)
rCorr   .            (no gloves)
SInv    .            (no boots)
Will    .....        (no amulet)
Stlth   ++           (no ring)
HPRegen 0.24/turn    (no ring)
MPRegen 0.10/turn

%: no passive effects
@: no status effects
A: (nimble swimmer 2), mertail
a: no special abilities


You were on level 3 of the Dungeon.
You visited 1 branch of the dungeon, and saw 3 of its levels.

You collected 151 gold pieces.

Inventory:

Hand Weapons
 a - a +0 spear (weapon)
Armour
 g - a +0 robe (worn)
 h - a +0 helmet (worn)
Magical Staves
 b - a staff of earth
Scrolls
 e - a scroll of butterflies
 i - a scroll of immolation
 l - a scroll of magic mapping
 m - a scroll of amnesia
Potions
 d - a potion of heal wounds
 f - a potion of degeneration {unknown}
 j - a potion of invisibility {unknown}
 k - a potion of flight {unknown}
 n - a potion of magic


   Skills:
 + Level 1.8 Polearms
 - Level 2.6 Dodging
 - Level 2.1 Stealth
 - Level 3.0 Spellcasting
 * Level 4.3 Summonings


You had 2 spell levels left.
You knew the following spells:

 Your Spells              Type           Power      Damage    Failure   Level
C - Call Canine Familiar  Summ           16%        N/A       10%         3
I - Call Imp              Summ           32%        N/A       4%          2
M - Summon Small Mammal   Summ           64%        N/A       3%          1

Your spell library contained the following spells:

 Spells                   Type           Power      Damage    Failure   Level
 Static Discharge         Conj/Air       4%         2-3/arc   28%         2
 Summon Guardian Golem    Hex/Summ       9%         N/A       22%         3
 Portal Projectile        Hex/Tloc       4%         N/A       50%         3
 Tukima's Dance           Hex            2%         N/A       50%         3
 Summon Lightning Spire   Summ/Air       9%         N/A       58%         4
 Airstrike                Air            1%         2d(1-17)  88%         4
 Blade Hands              Tmut           1%         N/A       99%         5


Dungeon Overview and Level Annotations

Branches:
Dungeon (3/15)

Altars:


Innate Abilities, Weirdness & Mutations

((You are very nimble when in or above water. (Stealth+, EV+, Speed+++)))
Your lower body shifts to a powerful aquatic tail in water.


Message History

Ouch! That really hurt!
* * * LOW HITPOINT WARNING * * *
Casting: Call Canine Familiar (quite dangerous; 10% risk of failure)
Confirm with . or Enter, or press ? or * to list all spells.
Nothing appears to happen.
Your hound bites the iguana but does no damage.
The iguana bites you.
* * * LOW HITPOINT WARNING * * *
Your hound bites the iguana.
You barely miss the iguana.
The iguana is heavily wounded.
Your hound bites the iguana but does no damage.
The iguana closely misses you.
You barely miss the iguana.
The iguana is heavily wounded.
Your hound bites the iguana but does no damage.
The iguana barely misses you.
Your hound bites the iguana.
You hit the iguana but do no damage.
The iguana is severely wounded.
Your hound closely misses the iguana.
The iguana misses you.
You hit the iguana but do no damage.
The iguana is severely wounded.
Your hound bites the iguana but does no damage.
The iguana closely misses your hound.
Your hound bites the iguana but does no damage.
You strike the helpless iguana from behind!
You hit the iguana but do no damage.
The iguana is severely wounded.
Your hound barely misses the iguana.
The iguana misses you.
You hit the iguana but do no damage.
The iguana is severely wounded.
Your hound bites the iguana.
Your hound bites the iguana but does no damage.
The iguana completely misses your hound.
You barely miss the iguana.
The iguana is almost dead.
Your hound bites the iguana but does no damage.
The iguana bites you!
Ouch! That really hurt!
You die... ###### #@lh.# ####.#

You could see an iguana (ally target) and a friendly hound (summoned).

Vanquished Creatures
  A dart slug (D:1)
  3 ball pythons (D:1)
  An endoplasm (D:2)
  A giant cockroach (D:1)
  2 hobgoblins (D:1)
  2 quokkas (D:1)
  3 bats (D:1)
  3 frilled lizards
  3 goblins (D:1)
  3 kobolds
  A rat (D:1)
23 creatures vanquished.

Vanquished Creatures (collateral kills)
  2 dart slugs
  An endoplasm (D:2)
  A giant cockroach (D:2)
  A goblin (D:2)
  A hobgoblin (D:1)
  2 quokkas (D:2)
  2 ball pythons (D:1)
  A bat (D:1)
  A frilled lizard (D:2)
  3 kobolds
15 creatures vanquished.

Grand Total: 38 creatures vanquished

Notes
Turn   | Place    | Note
-------+----------+-------------------------------------------
     0 | D:1      | Cheops the Merfolk Summoner began the quest for the Orb.
     0 | D:1      | Reached XP level 1. HP: 13/13 MP: 3/3
   241 | D:1      | Reached XP level 2. HP: 7/19 MP: 5/5
   387 | D:1      | Learned a level 2 spell: Call Imp
   531 | D:1      | Reached skill level 1 in Polearms
   632 | D:1      | Reached XP level 3. HP: 21/24 MP: 2/7
   636 | D:1      | Learned a level 3 spell: Call Canine Familiar
  1860 | D:3      | Slain by an iguana

Illustrated notes

Levels and vault maps discovered:
D:1:      matt_arrival_diagonals, layout_basic, chequers_serial_rivers_micro_b
D:2:      layout_basic, minmay_gold_behind_fungi
D:3:      layout_basic, hellmonk_ecumenical_altar_lost_god

Skill      XL: |  1  2 |
---------------+-------+-----
Spellcasting   | 3 |  3.0
Polearms       | 1 |  1.8
Dodging        | |  2.6
Stealth        | |  2.1
Summonings     | |  4.3

Action                     || total
---------------------------++-------
  Melee: Short sword       ||    21
         Unarmed           ||    14
         Punch             ||     3
         Spear             ||   101
         Tailslap          ||     3
   Cast: Summon Small Mamm ||     8
         Call Imp          ||     3
         Call Canine Famil ||     9
    Use: Scroll            ||     5
   Stab: Sleeping          ||     2
         Distracted        ||     1
 Armour: Robe              ||    23
  Dodge: Dodged            ||    86
